 Dungeon Crawl Stone Soup version 0.23.2-33-g5129a83184 (webtiles) character file.

Game seed: 11474178944003323128

18591 jf82 the Tortoise (level 12, -12/106 HPs)
             Began as a Minotaur Fighter on July 1, 2019.
             Was a High Priest of Trog.
             Shot with an arrow by a deep elf archer (23 damage)
             ... on level 15 of the Dungeon on July 8, 2019.
             The game lasted 01:01:39 (15253 turns).

jf82 the Tortoise (Minotaur Fighter)               Turns: 15253, Time: 01:01:40

Health: -12/106    AC: 25    Str: 25    XL:     12   Next: 29%
Magic:  11/11      EV:  8    Int:  5    God:    Trog [*****.]
Gold:   1383       SH: 14    Dex: 11    Spells: 11/11 levels left

rFire    + . .     SeeInvis .   a - +0 morningstar
rCold    x . .     Gourm    .   c - +0 shield
rNeg     . . .     Faith    .   O - +0 plate armour
rPois    +         Spirit   .   (helmet restricted)
rElec    .         Reflect  +   V - +2 cloak {rPois}
rCorr    .         Harm     .   r - +2 pair of gloves
MR       .....                  b - +0 pair of boots
Stlth    ..........             E - +4 amulet of reflection
HPRegen  0.27/turn              e - ring of fire
MPRegen  0.12/turn              (no ring)

@: silence, berserk cooldown, slowed, lightly drained, very slow
A: retaliatory headbutt, horns 2
a: Renounce Religion


You were on level 15 of the Dungeon.
You worshipped Trog.
Trog was extremely pleased with you.
You were not hungry.

You visited 1 branch of the dungeon, and saw 13 of its levels.
You also visited: Sewer and Bailey.

You collected 1383 gold pieces.

Inventory:

Hand Weapons
 a - a +0 morningstar (weapon)
 g - a +1 long sword of electrocution
 C - a +0 hunting sling
 K - a +0 battleaxe
 Z - a +0 long sword of holy wrath
Missiles
 y - 124 sling bullets
 D - 17 bolts
 L - 3 tomahawks of returning
 W - 7 throwing nets (quivered)
Armour
 b - a +0 pair of boots (worn)
 c - a +0 shield (worn)
 r - a +2 pair of gloves (worn)
 O - a +0 plate armour (worn)
 V - a +2 cloak of poison resistance (worn)
Jewellery
 e - a ring of fire (left hand)
 o - an uncursed amulet of faith
 p - an uncursed amulet of magic regeneration
 E - a +4 amulet of reflection (around neck)
Wands
 I - a wand of acid (17)
 J - a wand of digging (6)
 U - a wand of random effects (12)
Scrolls
 i - 10 scrolls of identify
 l - 2 scrolls of immolation {unknown}
 m - a scroll of teleportation {unknown}
 n - a scroll of noise {unknown}
 t - 7 scrolls of remove curse
 w - a scroll of fear
 B - a scroll of blinking {unknown}
 G - a scroll of amnesia
 H - a scroll of enchant weapon {unknown}
 N - 2 scrolls of acquirement {unknown}
 Q - 2 scrolls of fog {unknown}
 S - 2 scrolls of silence
 Y - a scroll of magic mapping {unknown}
Potions
 d - 5 potions of might
 h - a potion of mutation {unknown}
 j - a potion of resistance {unknown}
 k - 2 potions of ambrosia {unknown}
 q - 2 potions of berserk rage {unknown}
 s - 2 potions of flight {unknown}
 u - a potion of cancellation {unknown}
 v - 2 potions of agility
 x - 2 potions of heal wounds {unknown}
 z - 2 potions of magic {unknown}
 A - 4 potions of curing {unknown}
 F - 2 potions of lignification {unknown}
 P - a potion of invisibility {unknown}
Miscellaneous
 X - a fan of gales
Comestibles
 f - 20 rations
 M - 3 chunks of flesh


   Skills:
 - Level 10.0(9.5) Fighting
 - Level 14.0(13.5) Maces & Flails
 - Level 4.0(3.6) Slings
 + Level 15.0(14.5) Armour
 - Level 6.0(5.5) Dodging
 - Level 4.1(3.7) Shields


You had 11 spell levels left.
You didn't know any spells.
Your spell library was empty.

Dungeon Overview and Level Annotations

Branches:
Dungeon (15/15)            Temple (0/1) D:6             Orc (0/2) D:9
   Lair: D:8-11      Vaults: D:13-14     Depths: D:15

Altars:
Ashenzari
Dithmenos
Fedhas
Kikubaaqudgha
Ru
Trog
Uskayaw
Xom
Beogh

Shops:
D:7 *   D:15 =

Annotations:
D:7 1 runed translucent door
D:9 exclusion: obsidian statue


Innate Abilities, Weirdness & Mutations

You reflexively headbutt those who attack you in melee.
You have a pair of horns on your head.


Message History

The jumping spider barely misses you.
The jumping spider bites you but does no damage.
The deep elf knight hits you but does no damage.
The deep elf archer barely misses you.
Your plate armour prevents you from hitting the deep elf mage.
Your headbutt misses the deep elf mage.
You feel less confused. You block the deep elf mage's attack.
The jumping spider leaps!
The deep elf mage mumbles some strange words.
The deep elf archer casts a spell at you.
You feel as though you will be slow longer.
The deep elf knight hits you with a +0 short sword.
* * * LOW HITPOINT WARNING * * *
The deep elf mage casts a spell.
As you read the scroll labeled MECWONT SEIVI, it crumbles to dust.
A profound silence engulfs you.
It was a scroll of silence.
You block the deep elf mage's attack.
The deep elf archer hits you but does no damage.
The deep elf archer shoots an arrow.
The arrow hits you!!
You die...

#....... ##....###......
...........$..### ##
#.....##..#....
......3..#...#..#
......e..#8..#..####..
.....#...............
#.##(Y#.8.∩.8....####
#)...re@.e?...........
#.##..ee°#8.######.###
#......Y......####.#
####........#......
####....#?.....##. ###
.......##..#.#.#. ..#
###.......s.#.#.. #.# ..
...###.......#.# #... #.#
.#.#.
.................#...##.#


You could see a sun demon, 2 deep elf archers, a deep elf knight, 2 deep elf
magi, a jumping spider, 2 ice beasts and a hell rat.

Vanquished Creatures
  A fire dragon (D:14)
  Erolcha (D:10)
  Erica (D:10)
  An unseen horror (D:10)
  A wolf spider zombie (D:14)
  3 deep elf magi
  An ugly thing (D:7)
  A cyclops (D:14)
  A guardian serpent (shapeshifter) (D:14)
  A gargoyle (D:14)
  A queen bee (shapeshifter) (D:14)
  Prince Ribbit (D:9)
  5 trolls
  A hornet (D:8)
  5 slime creatures (D:14)
  A shadow (D:14)
  A meliai zombie (D:14)
  Sigmund (D:6)
  3 wyverns
  A wraith (D:14)
  A vampire (D:10)
  5 vampire mosquitoes (D:14)
  Eustachio (D:5)
  A hungry ghost (D:14)
  Menkaure (D:7)
  A floating eye (shapeshifter) (D:14)
  8 orc warriors
  4 sky beasts
  3 ice beasts
  A black bear (D:10)
  2 eyes of draining
  2 necrophages
  5 phantoms
  6 ogres
  3 centaurs
  4 bullfrogs
  A big kobold (D:14)
  9 gnoll sergeants
  4 scorpions
  10 killer bees
  3 howler monkeys (D:9)
  15 crimson imps
  3 centaur zombies
  6 jellies
  6 centaur skeletons
  5 hounds
  6 gnoll shamans (Bailey)
  5 orc priests
  2 bullfrog skeletons
  An iguana (D:9)
  6 orc wizards
  11 worker ants
  2 hound skeletons
  A hound zombie (D:6)
  A worker ant zombie (D:8)
  18 gnolls
  14 adders
  4 shadow imps
  11 oozes
  2 adder skeletons
  3 worms
  A dart slug (D:3)
  15 leopard geckos
  23 orcs
  15 ball pythons
  6 bats
  13 giant cockroaches
  7 goblins
  5 hobgoblins (D:1)
  15 jackals
  4 quokkas
  14 frilled lizards
  11 kobolds
  A leopard gecko skeleton (D:8)
  A quokka zombie (D:6)
  5 rats
365 creatures vanquished.

Vanquished Creatures (collateral kills)
  An unseen horror (D:15)
1 creature vanquished.

Vanquished Creatures (others)
  An unseen horror (D:15)
1 creature vanquished.

Grand Total: 367 creatures vanquished

Notes
Turn   | Place    | Note
-------+----------+-------------------------------------------
     0 | D:1      | jf82 the Minotaur Fighter began the quest for the Orb.
     0 | D:1      | Reached XP level 1. HP: 19/19 MP: 0/0
    83 | D:1      | Found a shattered altar of Ashenzari.
   103 | D:1      | Reached XP level 2. HP: 27/27 MP: 1/1
   122 | D:1      | Reached skill level 4 in Armour
   897 | D:2      | Reached XP level 3. HP: 33/33 MP: 2/2
  1422 | D:2      | Found an ancient bone altar of Kikubaaqudgha.
  1667 | D:2      | Found a shattered altar of Ashenzari.
  1731 | D:3      | Reached XP level 4. HP: 29/40 MP: 3/3
  1737 | D:3      | Reached skill level 5 in Maces & Flails
  1757 | D:3      | Found a sacrificial altar of Ru.
  1992 | D:3      | Found a bloodstained altar of Trog.
  2000 | D:3      | Became a worshipper of Trog the Wrathful
  2031 | D:3      | Found a shadowy altar of Dithmenos.
  2285 | D:3      | Reached XP level 5. HP: 46/46 MP: 4/4
  2756 | D:4      | Found a glowing drain.
  2787 | Sewer    | Entered a sewer
  2932 | Sewer    | Reached * piety under Trog
  3935 | Sewer    | Reached ** piety under Trog
  4000 | Sewer    | Reached XP level 6. HP: 44/52 MP: 5/5
  4909 | D:4      | Reached XP level 7. HP: 59/59 MP: 6/6
  5394 | D:5      | Entered Level 5 of the Dungeon
  5455 | D:5      | Noticed Eustachio
  5499 | D:5      | Killed Eustachio
  5871 | D:5      | Reached skill level 10 in Maces & Flails
  6528 | D:5      | Found a shimmering altar of Xom.
  6534 | D:5      | Reached XP level 8. HP: 65/66 MP: 7/7
  6668 | D:6      | Found a blossoming altar of Fedhas.
  6683 | D:6      | Noticed Sigmund
  6692 | D:6      | Killed Sigmund
  6869 | D:6      | Found a staircase to the Ecumenical Temple.
  7301 | D:7      | Reached *** piety under Trog
  7594 | D:7      | Reached XP level 9. HP: 66/71 MP: 8/8
  8174 | D:7      | Noticed Menkaure
  8178 | D:7      | Killed Menkaure
  8425 | D:7      | Found Ymeqaesaq's Assorted Antiques.
  8463 | D:7      | Reached skill level 1 in Slings
  8713 | D:7      | Noticed a +0 dagger
  8718 | D:7      | Found a hide-covered altar of Uskayaw.
  8718 | D:7      | Noticed a +0 hand axe
  8782 | D:7      | Found a runed translucent door.
  8782 | D:7      | Found a runed translucent door.
  8782 | D:7      | Noticed a deep elf mage
  8788 | D:7      | Killed a deep elf mage
  8788 | D:7      | Reached skill level 5 in Fighting
  8788 | D:7      | Reached skill level 5 in Armour
  8803 | D:7      | Reached skill level 6 in Armour
  9205 | D:7      | Found a roughly hewn altar of Beogh.
  9268 | D:7      | Noticed a purple ugly thing
  9281 | D:7      | Killed a purple ugly thing
  9281 | D:7      | Reached XP level 10. HP: 59/84 MP: 9/9
  9592 | D:8      | Reached skill level 7 in Armour
 10033 | D:8      | Reached **** piety under Trog
 10227 | D:9      | Reached skill level 8 in Armour
 10286 | D:9      | Reached skill level 9 in Armour
 10498 | D:9      | Noticed an obsidian statue
 10627 | D:9      | Found a staircase to the Orcish Mines.
 10705 | D:9      | Noticed Prince Ribbit
 10728 | D:9      | Killed Prince Ribbit
 10919 | D:9      | Reached skill level 10 in Armour
 11005 | D:10     | Entered Level 10 of the Dungeon
 11057 | D:10     | Noticed Erica
 11065 | D:10     | Killed Erica
 11065 | D:10     | Reached skill level 11 in Armour
 11081 | D:10     | Noticed Erolcha
 11091 | D:10     | Killed Erolcha
 11091 | D:10     | Reached XP level 11. HP: 77/94 MP: 10/10
 11447 | D:10     | Killed an unseen horror
 11447 | D:10     | Reached skill level 12 in Armour
 11587 | D:10     | Reached skill level 1 in Dodging
 11707 | D:10     | Found a flagged portal.
 11714 | Bailey   | Entered a bailey
 12534 | D:11     | Reached ***** piety under Trog
 12564 | D:11     | You fall through a shaft for 3 floors!
 12964 | D:14     | Noticed a fire dragon
 12987 | D:14     | Killed a fire dragon
 12987 | D:14     | Reached skill level 13 in Armour
 13326 | D:14     | Noticed a deep elf mage
 13345 | D:14     | Killed a deep elf mage
 13554 | D:14     | Reached skill level 5 in Dodging
 13766 | D:14     | Reached skill level 10 in Fighting
 13897 | D:14     | Reached XP level 12. HP: 74/106 MP: 11/11
 14171 | D:14     | Reached skill level 14 in Armour
 14214 | D:14     | Received a gift from Trog
 14685 | D:15     | Entered Level 15 of the Dungeon
 15220 | D:15     | Reached skill level 15 in Armour
 15223 | D:15     | Found Carrumoe's Jewellery Shoppe.
 15253 | D:15     | Shot with an arrow by a deep elf archer

Skill      XL: |  1  2  3  4  5  6  7  8  9 10 11 12 |
---------------+-------------------------------------+-----
Fighting       | 4 6 8 10 | 10.0
Armour         | 4 6 11 13 15 | 15.0
Maces & Flails | 3 4 5 7 8 11 13 14 | 14.0
Shields        | 4 |  4.1
Slings         | 3 4 |  4.0
Dodging        | 6 |  6.0

Action                   |  1- 3 |  4- 6 |  7- 9 | 10-12 || total
-------------------------+-------+-------+-------+-------++-------
Melee: Flail             |    88 |   292 |   279 |       ||   659
       Headbutt          |    12 |    27 |    59 |   149 ||   247
       Morningstar       |       |       |    76 |   706 ||   782
Throw: Throwing net      |       |       |       |     1 ||     1
Invok: Berserk           |       |     2 |     5 |    12 ||    19
       Trog's Hand       |       |       |     2 |     7 ||     9
       Brothers in Arms  |       |       |       |     1 ||     1
  Use: Scroll            |       |       |     3 |     3 ||     6
 Stab: Paralysed         |       |     2 |       |       ||     2
       Sleeping          |       |       |     1 |       ||     1
  Eat: Chunk             |     3 |    12 |     8 |    26 ||    49
       Ration            |       |       |     3 |     4 ||     7
Armor: Scale mail        |    50 |   156 |       |       ||   206
       Chain mail        |       |     8 |   127 |    64 ||   199
       Plate armour      |       |       |       |   474 ||   474
Dodge: Dodged            |    29 |   115 |    44 |   151 ||   339
Block: Shield            |    53 |   164 |   209 |   529 ||   955
       Reflection        |       |       |     1 |    10 ||    11
